 Dungeon Crawl Stone Soup version 0.30.0-19-gbf45117a57 (webtiles) character file.

Game seed: 1882911683624627787

28 qw the Shield-Bearer (level 3, -2/23 HPs)
             Began as a Gargoyle Fighter on May 23, 2023.
             Killed from afar by Natasha (4 damage)
             ... with a magic dart
             ... on level 2 of the Dungeon.
             The game lasted 00:00:32 (1342 turns).

qw the Shield-Bearer (Gargoyle Fighter)             Turns: 1342, Time: 00:00:33

Health: -2/23      AC: 10    Str: 21    XL:     3   Next: 12%
Magic:  3/3        EV:  9    Int:  8    God:
Gold:   68         SH:  4    Dex:  9    Spells: 2/2 levels left

rFire   . . .        Y - +0 war axe
rCold   . . .        c - +0 buckler
rNeg    + + .        b - +0 scale mail
rPois   inf          (no helmet)
rElec   +            (no cloak)
rCorr   .            (no gloves)
SInv    .            (no boots)
Will    .....        (no amulet) Stlth
                     h - ring of positive energy
HPRegen 0.23/turn    (no ring)
MPRegen 0.08/turn

%: no passive effects
@: no status effects
A: sickness immunity, AC +3, negative energy resistance 1, electricity
resistance, torment resistance 1, petrification resistance
a: no special abilities


You were on level 2 of the Dungeon.
You visited 1 branch of the dungeon, and saw 2 of its levels.

You collected 68 gold pieces.


Innate Abilities, Weirdness & Mutations

You are immune to sickness and miasma.
Your stone body is resilient. (AC +3)
You are immune to poison.
You resist negative energy. (rN+)
You are resistant to electric shocks. (rElec)
You are resistant to unholy torment.
You are immune to petrification.


   Skills:
 - Level 3.2 Fighting
 + Level 3.2 Axes
 - Level 3.2 Armour
 - Level 3.2 Shields


You had 2 spell levels left.
You didn't know any spells.
Your spell library was empty.

Inventory:

Hand Weapons
 Y - a +0 war axe (weapon)
Armour
 b - a +0 scale mail (worn)
 c - a +0 buckler (worn)
Jewellery
 h - a ring of positive energy (left hand)
Potions
 d - a potion of might
 e - a potion of curing {unknown}
 i - a potion of attraction {unknown}

Dungeon Overview and Level Annotations

Branches:
Dungeon (2/15)

Altars:

Annotations:
D:2 Natasha


Message History

Where to? (* - list waypoints, ? - help)
What level of the Dungeon? (default 1, ? - help)
There is a stone staircase leading down here.
You climb downwards.
Natasha hisses angrily.
Found a trident, 6 gold pieces and a scroll labelled GETOMYSHRUO.
Found a stone staircase leading down.
There is a stone staircase leading up here.
Natasha is nearby!
Waypoint 1 assigned to D:2.
1334 ||| Stepping ~*~*~tactically~*~*~ (hiding).
You barely miss Natasha.
Natasha mumbles some strange words.
You closely miss Natasha. Natasha claws you!
The cerulean imp barely misses you. Natasha claws you!
You closely miss Natasha.
The cerulean imp hits you but does no damage.
You block Natasha's attack.
You hit Natasha but do no damage.
The cerulean imp hits you from afar with a +0 spear.
Natasha wildly gestures.
You feel disoriented.
Natasha stares at you and mumbles some strange words.
The magic dart hits you but does no damage.
The cerulean imp hits you from afar with a +0 spear.
Natasha claws you but does no damage.
You barely miss Natasha.
The cerulean imp hits you from afar with a +0 spear.
Natasha barely misses you.
You slash Natasha!
Natasha is severely wounded.
You block the cerulean imp's attack.
Natasha casts a spell.
You hit Natasha but do no damage.
Natasha is severely wounded.
You closely miss the cerulean imp.
The cerulean imp hits you but does no damage.
Natasha stares at you and mumbles some strange words.
The magic dart hits you.
You die...

#.##....###
..........## ##
#.......#.. ...
..?#..#.##.#
...........$.#
...##...5....
.........h#
..)....<.@#.##..
....#....5.......
. #>...........
#....#.####.###
######.. .. #...
#. #... #....
#....


You could see Natasha and 2 cerulean imps.

Vanquished Creatures
  2 dart slugs (D:1)
  3 endoplasms (D:1)
  A giant cockroach (D:1)
  2 goblins (D:1)
  3 hobgoblins (D:1)
  A quokka (D:1)
  A bat (D:1)
  3 frilled lizards (D:1)
  2 kobolds (D:1)
  5 rats (D:1)
23 creatures vanquished.

Notes
Turn   | Place    | Note
-------+----------+-------------------------------------------
     0 | D:1      | qw the Gargoyle Fighter began the quest for the Orb.
     0 | D:1      | Reached XP level 1. HP: 14/14 MP: 1/1
     0 | D:1      | 0 ||| qw: Version: 0.2-a-98-g5d7165a
     0 | D:1      | 0 ||| qw: Game counter: 34
     0 | D:1      | 0 ||| qw: Always use a shield: true
     0 | D:1      | 0 ||| qw: God list: Okawaru
     0 | D:1      | 0 ||| qw: Allow faded altars: false
     0 | D:1      | 0 ||| qw: Do Orc after D:15 true
     0 | D:1      | 0 ||| qw: Do second Lair branch before Depths: true
     0 | D:1      | 0 ||| qw: Lair rune preference: random
     0 | D:1      | 0 ||| qw: Plans: Normal, Zot:1-4, God:TSO, Crypt, Tomb,
                  | Pan, Slime:5, Hells, Abyss, Win
     0 | D:1      | 0 ||| PLANNING D:1-11
   235 | D:1      | 235 ||| Stepping ~*~*~tactically~*~*~ (hiding).
   242 | D:1      | Reached XP level 2. HP: 19/19 MP: 2/2
   401 | D:1      | 401 ||| Stepping ~*~*~tactically~*~*~ (stealth).
   404 | D:1      | 404 ||| Stepping ~*~*~tactically~*~*~ (stealth).
   509 | D:1      | 509 ||| Stepping ~*~*~tactically~*~*~ (stealth).
   558 | D:1      | 558 ||| Stepping ~*~*~tactically~*~*~ (stealth).
   562 | D:1      | 562 ||| UPGRADING to ring of positive energy.
   754 | D:1      | Reached skill level 3 in Axes
   830 | D:1      | Reached XP level 3. HP: 23/23 MP: 3/3
  1306 | D:1      | 1306 ||| READING scroll labelled GEGEG RUNT.
  1310 | D:1      | 1310 ||| READING scroll labelled KEIWNA DAYRE.
  1311 | D:1      | 1311 ||| READING scroll labelled ZOTOHIHIAT.
  1333 | D:2      | Noticed Natasha
  1334 | D:2      | 1334 ||| Stepping ~*~*~tactically~*~*~ (hiding).
  1339 | D:2      | HP: 5/23 [cerulean imp/+0 spear[Natasha] (2)]
  1340 | D:2      | HP: 1/23 [cerulean imp/+0 spear[Natasha] (4)]
  1342 | D:2      | Killed from afar by Natasha

Levels and vault maps discovered:
D:1:      minmay_arrival_diagonal_passages, layout_loops_ring,
          chequers_big_river, hangedman_decor_riveting
D:2:      layout_basic, basic_altar, dreamdust_princess_corridor,
          nicolae_shop_unique_rings, uniq_sigmund, uniq_natasha

Skill      XL: |  1  2 |
---------------+-------+-----
Axes           | 2 3 |  3.2
Fighting       | |  3.2
Armour         | |  3.2
Shields        | |  3.2

Action                     || total
---------------------------++-------
  Melee: War axe           ||   104
    Use: Scroll            ||     3
 Armour: Scale mail        ||    53
  Dodge: Dodged            ||    37
  Block: Buckler           ||    16

Table legend:
 A = Non-vault XP
 B = Vault XP
 C = Vault XP percentage of total XP
 D = Non-vault monster count
 E = Vault monster count
 F = Vault count percentage of total count
                 A         B        C        D         E       F
            +---------+---------+-------+---------+---------+-------
      Total |      40 |       0 |   0.0 |      23 |       0 |   0.0
            +---------+---------+-------+---------+---------+-------
        D:1 |      40 |       0 |   0.0 |      23 |       0 |   0.0
            +---------+---------+-------+---------+---------+-------
